AoeStats
← Navix de los Bosques de Lituania

Black Forest

509025135Analyzed
2v2 RM · 5d ago on Sep 25, 2026· 31m 17s· 4 players
Game mode
Random Map
Map size
Medium (4 player)
Population
200
Speed
Normal
Resources
Standard
Victory
Conquest
Starting age
Dark Age
Ending age
Imperial Age
RankedLock teamsTeams togetherTeam positionsShared explorationLock speedFull tech treeHidden civsTurbo modeCheats
Victory
Defeat
🇨🇴 Slavs · Colombia
815
+17
808
+17
🇦🇷 Koreans · Argentina
858
-18
🇨🇳 Bohemians · China
810
-16
乱舞春秋
0:27 Loom
16:49 Feudal Age
18:28 Double-Bit Axe
23:25 Horse Collar
26:11 Wheelbarrow
Mat1NT
14:45 Feudal Age
16:54 Town Watch
16:55 Loom
24:40 Castle Age
23:29 Forging
27:48 Husbandry
Navix de los Bosques de Lituania
4:01 Loom
11:45 Feudal Age
12:13 Man-at-Arms
12:38 Arson
13:29 Long Swordsman
14:21 Forging
14:11 Scale Mail Armor
18:00 Double-Bit Axe
23:34 Horse Collar
26:08 Wheelbarrow
Derzer
10:14 Feudal Age
12:48 Man-at-Arms
17:48 Scale Mail Armor
21:00 Town Watch
21:51 Wheelbarrow
28:25 Castle Age
Connection lost

Rejoining the realm…

Still unreachable

The connection could not be restored.

Session expired

The server has moved on; the page needs a fresh start.